General information
- name: BNet
- type: Ladder 1vs1/FFA
- host: Battle.net
- saver: moch.0
map: EchoIsles
- players: 2
- length: 32:25
- speed: Fast
- version: 1.24 W3XP
- replay type: Public
» download(91 KB)
Players
team 1 (winner)
moch.0 (
red | 59 APM | 1920 actions | 32:25)
9 Blademaster
3 Wind Walk
3 Critical Strike
1 Bladestorm
2 Mirror Image
» actions
| Assign group hotkey | 50 | |
| Basic commands | 79 | |
| Build / train | 101 | |
| ESC pressed | 2 | |
| Enter build submenu | 32 | |
| Enter hero's abilities submenu | 9 | |
| Give item / drop item | 8 | |
| Right click | 796 | |
| Select / deselect | 447 | |
| Select group hotkey | 205 | |
| Use ability | 191 | |
1920 total
» units
| Peon | 14 | |
| Wind Rider | 6 | |
| Forest Troll Shadow Priest | 1 | |
| Troll Witch Doctor | 3 | |
| Troll Batrider | 17 | |
41 total
» upgrades
| Spiked Barricades | 1 | |
| Witch Doctor Training | 2 | |
| Envenomed Spears | 1 | |
| Liquid Fire | 1 | |
| Reinforced Defenses | 1 | |
| Ranged Weapons | 3 | |
| Armor | 1 | |
10 total
» buildings
| Altar of Storms | 1 | |
| Orc Burrow | 5 | |
| Voodoo Lounge | 2 | |
| War Mill | 1 | |
| Stronghold | 1 | |
| Watch Tower | 12 | |
| Beastiary | 3 | |
| Spirit Lodge | 1 | |
| Fortress | 1 | |
| Great Hall | 1 | |
28 total
» build order
00:05 Altar of Storms
00:19 Orc Burrow
00:48 Voodoo Lounge
01:18 Orc Burrow
01:53 War Mill
03:06 Stronghold
03:20 Watch Tower
03:29 Watch Tower
03:44 Watch Tower
03:48 Watch Tower
04:20 Orc Burrow
04:56 Watch Tower
05:27 Beastiary
05:40 Beastiary
06:16 Spirit Lodge
08:25 Orc Burrow
08:40 Fortress
10:45 Watch Tower
10:46 Watch Tower
10:46 Watch Tower
11:53 Watch Tower
11:54 Watch Tower
11:55 Watch Tower
12:16 Watch Tower
13:08 Great Hall
14:52 Orc Burrow
14:59 Voodoo Lounge
15:13 Beastiary
» items
| Healing Salve | 6 | |
| Lesser Clarity Potion | 11 | |
| Boots of Speed | 1 | |
| Scroll of Healing | 1 | |
| Potion of Lesser Invulnerability | 3 | |
| Potion of Healing | 8 | |
| Orb of Lightning | 1 | |
| Periapt of Vitality | 1 | |
| Potion of Mana | 3 | |
| Potion of Greater Healing | 1 | |
36 total
team 2 (loser)

»
Eaten_by_a_Grue (
green | 45 APM | 1464 actions | 32:22)
4 Crypt Lord
2 Carrion Beetles
2 Impale
1 Death Knight
1 Death Coil
1 Lich
1 Frost Nova
» actions
| Assign group hotkey | 41 | |
| Basic commands | 132 | |
| Build / train | 86 | |
| ESC pressed | 4 | |
| Enter build submenu | 48 | |
| Enter hero's abilities submenu | 6 | |
| Remove unit from queue | 4 | |
| Right click | 389 | |
| Select / deselect | 490 | |
| Select group hotkey | 181 | |
| Use ability | 83 | |
1464 total
» units
| Acolyte | 25 | |
| Ghoul | 3 | |
| Gargoyle | 7 | |
| Crypt Fiend | 3 | |
| Forest Troll Shadow Priest | 1 | |
| Obsidian Statue | 2 | |
| Meatwagon | 1 | |
42 total
» upgrades
| Creature Attack | 3 | |
| Creature Carapace | 3 | |
| Burrow | 1 | |
| Web | 1 | |
| Ghoul Frenzy | 1 | |
| Stone Form | 1 | |
| Destroyer Form | 1 | |
| Disease Cloud | 1 | |
| Exhume Corpses | 1 | |
13 total
» buildings
| Ziggurat | 20 | |
| Altar of Darkness | 1 | |
| Crypt | 4 | |
| Nerubian Tower | 8 | |
| Tomb of Relics | 1 | |
| Graveyard | 1 | |
| Halls of the Dead | 1 | |
| Spirit Tower | 4 | |
| Sacrificial Pit | 1 | |
| Black Citadel | 1 | |
| Slaughterhouse | 2 | |
44 total
» build order
00:10 Ziggurat
00:13 Altar of Darkness
00:27 Crypt
01:06 Ziggurat
01:14 Nerubian Tower
01:39 Tomb of Relics
02:08 Nerubian Tower
02:21 Crypt
02:37 Ziggurat
03:33 Ziggurat
03:45 Ziggurat
04:08 Graveyard
04:25 Nerubian Tower
04:42 Ziggurat
05:11 Halls of the Dead
05:32 Spirit Tower
05:36 Ziggurat
06:23 Spirit Tower
06:31 Nerubian Tower
07:50 Sacrificial Pit
12:18 Crypt
13:40 Ziggurat
13:42 Ziggurat
14:42 Nerubian Tower
14:43 Spirit Tower
15:20 Ziggurat
15:52 Black Citadel
16:08 Ziggurat
16:10 Ziggurat
16:14 Nerubian Tower
17:10 Spirit Tower
17:12 Nerubian Tower
20:16 Slaughterhouse
20:34 Slaughterhouse
20:39 Ziggurat
20:46 Ziggurat
20:51 Ziggurat
23:59 Crypt
25:03 Nerubian Tower
25:34 Ziggurat
25:35 Ziggurat
25:38 Ziggurat
25:52 Ziggurat
29:16 Ziggurat
» items
| Rod of Necromancy | 1 | |
| Dust of Appearance | 1 | |
| Sacrificial Skull | 1 | |
| Sentry Wards | 1 | |
4 total
Chat log
(06:06 / All) Eaten_by_a_Grue: That was the least comitted bm rush ever/
(31:06 / All) moch.0: no heal?
(31:08 / All) moch.0: lol
(31:21 / All) moch.0: ouch
(31:26 / All) moch.0: killed your entire army including 3 heroes
(31:28 / All) moch.0: with 1 unit
(31:33 / All) moch.0: how does that make you feel
(31:41 / All) Eaten_by_a_Grue: I ran it into your defenses.
(31:46 / All) moch.0: rage?
(31:48 / All) Eaten_by_a_Grue: you have amazing orc harass.
(31:56 / All) moch.0: thank you.
(31:57 / All) Eaten_by_a_Grue: Nope.
(32:00 / All) moch.0: you have an amazing loss.
(32:04 / All) Eaten_by_a_Grue: wanted to give you some food.
(32:09 / All) moch.0: because youre not angry
(32:10 / All) moch.0: right?
(32:15 / All) moch.0: lol
(32:19 / All) moch.0: gee noob
(32:21 / All) Eaten_by_a_Grue: was hoping to get the bm to 10